[ AOE2 MATCH · #506386977 ]
UnrankedPersians vs Teutons
Player's team · WIN
Rival team · LOSS
[ REPLAY ANALYSIS · EXTRACTED FROM THE RECORDED GAME ]
Feudal
10:56
Castle
15:13
Imperial
30:25
| APM avg | 39.2 |
| APM peak | 73 |
| eAPM avg | 19.7 |
| Villagers / military | 152 / 48 |
Focus
⚔️ 21.5% · 🌾 78.5%
Hand Cannoneer ×36 · Monk ×3 · Scorpion ×3 · Battering Ram ×2 · Bombard Cannon ×2 · Trebuchet (Packed) ×2
Feudal
8:36
Castle
22:05
Imperial
33:05
| APM avg | 29.8 |
| APM peak | 78 |
| eAPM avg | 17.4 |
| Villagers / military | 84 / 72 |
Focus
⚔️ 35.6% · 🌾 64.4%
Teutonic Knight ×24 · Knight ×22 · Petard ×13 · Spearman ×7 · Battering Ram ×4 · Monk ×1
Match map
Initial resources + every placement click. Lines = walls · curves = elevation contours. ◆ gold · ⬟ stone · ● berries · ✦ relic · ◌ wall gap
Your base· ✓ Closed at 15:13 · 14t walls · 2 gate(s)
JoJo_Baum's base· ✓ Closed at 22:05 · 0t walls · 3 gate(s)
Smoothed initial terrain · ◌ = detected wall gap · hover for details
Inputs per minute
— Wuyen - - JoJo_Baum
Build order — Wuyen
First 150 of 351 actions detected
| 0:01 | Queue | Villager (Male) |
| 0:01 | Queue | Villager (Male) |
| 0:02 | Build | House |
| 0:04 | Build | House |
| 0:13 | Queue | Villager (Male) ×3 |
| 1:41 | Build | Lumber Camp |
| 1:50 | Queue | Villager (Male) |
| 1:51 | Queue | Villager (Male) |
| 1:51 | Queue | Villager (Male) |
| 2:06 | Build | House |
| 2:08 | Build | House |
| 2:31 | Queue | Villager (Male) |
| 2:51 | Queue | Villager (Male) |
| 3:13 | Build | Palisade Wall |
| 3:18 | Build | Palisade Wall |
| 3:23 | Build | Palisade Wall |
| 3:25 | Build | Palisade Wall |
| 3:32 | Build | Palisade Wall |
| 3:33 | Build | Palisade Wall |
| 3:37 | Build | Palisade Wall |
| 3:38 | Build | Palisade Wall |
| 3:42 | Queue | Villager (Male) |
| 3:43 | Queue | Villager (Male) |
| 3:43 | Queue | Villager (Male) |
| 4:00 | Queue | Villager (Male) |
| 4:00 | Queue | Villager (Male) |
| 4:19 | Queue | Villager (Male) |
| 4:43 | Build | Mill |
| 4:57 | Queue | Villager (Male) |
| 4:57 | Queue | Villager (Male) |
| 5:05 | Build | Palisade Wall |
| 5:22 | Queue | Villager (Male) |
| 5:22 | Queue | Villager (Male) |
| 5:46 | Queue | Villager (Male) |
| 5:55 | Queue | Villager (Male) |
| 6:01 | Build | Farm |
| 6:52 | Build | Farm |
| 6:59 | Build | Mining Camp |
| 7:03 | Queue | Villager (Male) |
| 7:18 | Build | Farm |
| 8:15 | Research | Feudal Age |
| 8:28 | Research | Loom |
| 8:29 | Research | Feudal Age |
| 8:44 | Build | House |
| 10:41 | Build | House |
| 10:56 | Age | Feudal Age |
| 11:03 | Queue | Villager (Male) |
| 11:03 | Queue | Villager (Male) |
| 11:18 | Build | Market |
| 11:22 | Build | Blacksmith |
| 11:26 | Queue | Villager (Male) |
| 11:40 | Build | Palisade Wall |
| 12:02 | Build | Palisade Wall |
| 12:11 | Queue | Villager (Male) |
| 12:25 | Build | Palisade Wall |
| 12:47 | Research | Castle Age |
| 12:51 | Build | Mining Camp |
| 13:05 | Queue | Villager (Male) |
| 13:21 | Build | House |
| 13:28 | Build | Farm |
| 13:36 | Build | Farm |
| 13:46 | Build | House |
| 14:05 | Queue | Villager (Male) |
| 14:37 | Build | House |
| 14:58 | Research | Horse Collar |
| 14:59 | Research | Horse Collar |
| 15:03 | Build | Farm |
| 15:04 | Build | Farm |
| 15:10 | Build | Farm |
| 15:13 | Age | Castle Age |
| 15:14 | Build | Farm |
| 15:20 | Build | Siege Workshop |
| 15:21 | Queue | Villager (Male) |
| 15:27 | Build | Monastery |
| 15:56 | Queue | Battering Ram |
| 16:07 | Queue | Villager (Male) |
| 16:15 | Build | Farm |
| 16:19 | Build | Farm |
| 16:23 | Queue | Villager (Male) |
| 16:41 | Queue | Villager (Male) |
| 16:45 | Build | Farm |
| 16:47 | Queue | Villager (Male) |
| 17:02 | Queue | Battering Ram |
| 17:07 | Research | Double-Bit Axe |
| 17:07 | Research | Double-Bit Axe |
| 17:20 | Build | Farm |
| 17:30 | Build | Farm |
| 17:40 | Queue | Villager (Male) |
| 17:43 | Research | Bow Saw |
| 17:46 | Queue | Villager (Male) |
| 18:08 | Queue | Villager (Male) |
| 18:22 | Queue | Monk |
| 18:45 | Build | Town Center |
| 18:53 | Queue | Villager (Male) |
| 18:56 | Queue | Villager (Male) |
| 19:00 | Build | House |
| 19:07 | Queue | Villager (Male) |
| 19:16 | Queue | Villager (Male) |
| 19:28 | Build | House |
| 19:38 | Queue | Villager (Male) |
| 19:39 | Queue | Villager (Male) |
| 19:43 | Queue | Villager (Male) |
| 19:57 | Build | House |
| 19:58 | Build | House |
| 20:03 | Build | Farm |
| 20:06 | Research | Wheelbarrow |
| 20:09 | Queue | Villager (Male) |
| 20:32 | Build | Lumber Camp |
| 20:33 | Queue | Villager (Male) |
| 20:33 | Queue | Villager (Male) |
| 20:45 | Queue | Villager (Male) |
| 20:55 | Build | Farm |
| 20:56 | Queue | Villager (Male) |
| 20:59 | Build | Farm |
| 21:25 | Build | Stone Wall |
| 21:27 | Queue | Scorpion |
| 21:27 | Queue | Scorpion |
| 21:29 | Queue | Villager (Male) |
| 21:29 | Queue | Villager (Male) |
| 21:37 | Build | Town Center |
| 21:40 | Queue | Villager (Male) |
| 21:45 | Build | Farm |
| 21:52 | Build | Farm |
| 22:07 | Queue | Scorpion |
| 22:14 | Queue | Villager (Male) |
| 22:14 | Queue | Villager (Male) |
| 22:44 | Queue | Villager (Male) |
| 22:44 | Queue | Villager (Male) |
| 22:44 | Queue | Villager (Male) |
| 22:44 | Queue | Villager (Male) |
| 22:55 | Queue | Villager (Male) |
| 23:04 | Queue | Villager (Male) |
| 23:04 | Queue | Villager (Male) |
| 23:07 | Build | Farm |
| 23:09 | Build | Farm |
| 23:11 | Build | Farm |
| 23:11 | Build | Farm |
| 23:12 | Build | Farm |
| 23:12 | Build | Farm |
| 23:12 | Build | Farm |
| 23:14 | Queue | Villager (Male) |
| 23:14 | Queue | Villager (Male) |
| 23:24 | Build | Farm |
| 23:26 | Queue | Villager (Male) |
| 23:28 | Build | Farm |
| 23:29 | Build | Farm |
| 23:33 | Build | House |
| 23:34 | Build | House |
| 24:38 | Build | Farm |
| 24:38 | Queue | Villager (Male) |
Build order — JoJo_Baum
First 150 of 228 actions detected
| 0:00 | Queue | Villager (Male) ×4 |
| 0:00 | Queue | Villager (Male) ×4 |
| 0:02 | Build | House |
| 0:02 | Build | House |
| 1:23 | Queue | Villager (Male) |
| 1:23 | Queue | Villager (Male) |
| 1:48 | Build | Lumber Camp |
| 1:58 | Queue | Villager (Male) |
| 1:58 | Queue | Villager (Male) |
| 2:12 | Queue | Villager (Male) |
| 2:13 | Queue | Villager (Male) |
| 2:49 | Queue | Villager (Male) |
| 2:49 | Queue | Villager (Male) |
| 3:03 | Queue | Villager (Male) |
| 3:04 | Queue | Villager (Male) |
| 3:30 | Queue | Villager (Male) |
| 3:30 | Queue | Villager (Male) |
| 3:44 | Build | House |
| 3:55 | Build | House |
| 4:08 | Queue | Villager (Male) |
| 4:08 | Queue | Villager (Male) |
| 4:09 | Queue | Villager (Male) |
| 4:22 | Build | Mill |
| 4:55 | Queue | Villager (Male) |
| 5:21 | Queue | Villager (Male) |
| 5:35 | Research | Loom |
| 6:26 | Research | Feudal Age |
| 6:26 | Research | Feudal Age |
| 6:30 | Build | Mining Camp |
| 6:56 | Queue | Villager (Male) |
| 7:50 | Build | House |
| 8:18 | Queue | Villager (Male) |
| 8:36 | Age | Feudal Age |
| 8:37 | Build | Watch Tower |
| 8:45 | Queue | Villager (Male) |
| 8:55 | Research | Double-Bit Axe |
| 8:55 | Research | Double-Bit Axe |
| 9:33 | Queue | Villager (Male) |
| 9:33 | Queue | Villager (Male) |
| 9:52 | Queue | Villager (Male) |
| 9:53 | Queue | Villager (Male) |
| 10:28 | Queue | Villager (Male) |
| 11:05 | Build | Watch Tower |
| 11:07 | Queue | Villager (Male) |
| 11:17 | Build | House |
| 11:29 | Queue | Villager (Male) |
| 11:30 | Queue | Villager (Male) |
| 11:30 | Queue | Villager (Male) |
| 11:39 | Build | Watch Tower |
| 12:00 | Queue | Villager (Male) |
| 12:07 | Build | Farm |
| 12:09 | Build | Farm |
| 12:20 | Queue | Villager (Male) |
| 12:33 | Queue | Villager (Male) |
| 13:05 | Build | Watch Tower |
| 13:10 | Queue | Villager (Male) |
| 13:15 | Build | Farm |
| 13:17 | Build | Farm |
| 13:20 | Build | Farm |
| 13:22 | Build | Farm |
| 13:30 | Build | House |
| 13:34 | Build | House |
| 13:40 | Build | House |
| 13:42 | Queue | Villager (Male) |
| 13:53 | Build | Farm |
| 14:06 | Build | Farm |
| 14:06 | Queue | Villager (Male) |
| 14:19 | Queue | Villager (Male) |
| 14:45 | Build | Farm |
| 14:56 | Build | Farm |
| 14:56 | Queue | Villager (Male) |
| 14:59 | Research | Horse Collar |
| 15:01 | Queue | Villager (Male) |
| 15:14 | Queue | Villager (Male) |
| 15:24 | Build | Watch Tower |
| 15:39 | Build | Watch Tower |
| 15:44 | Queue | Villager (Male) |
| 15:49 | Build | House |
| 15:58 | Queue | Villager (Male) |
| 16:28 | Build | Watch Tower |
| 16:44 | Queue | Villager (Male) |
| 16:56 | Build | Market |
| 17:06 | Queue | Villager (Male) |
| 17:31 | Build | House |
| 17:33 | Queue | Villager (Male) |
| 17:50 | Build | Farm |
| 18:09 | Build | Blacksmith |
| 18:25 | Queue | Villager (Male) |
| 18:32 | Build | Mining Camp |
| 19:25 | Build | Watch Tower |
| 19:25 | Research | Castle Age |
| 19:25 | Research | Castle Age |
| 19:49 | Build | Mining Camp |
| 20:06 | Queue | Villager (Male) |
| 20:12 | Build | Barracks |
| 21:05 | Queue | Spearman |
| 21:05 | Queue | Spearman |
| 21:09 | Build | Stable |
| 21:25 | Queue | Villager (Male) |
| 21:35 | Queue | Spearman |
| 21:48 | Research | Scale Mail Armor |
| 21:55 | Build | House |
| 22:05 | Age | Castle Age |
| 22:07 | Research | Pikeman (upgrade) |
| 22:21 | Build | Castle |
| 22:24 | Queue | Spearman |
| 22:34 | Queue | Villager (Male) |
| 22:36 | Queue | Villager (Male) |
| 22:56 | Queue | Villager (Male) |
| 22:59 | Build | Farm |
| 23:04 | Research | Forging |
| 23:08 | Queue | Spearman |
| 23:12 | Build | Castle |
| 23:20 | Queue | Spearman |
| 23:35 | Build | Farm |
| 23:45 | Queue | Spearman |
| 24:42 | Queue | Villager (Male) |
| 24:42 | Queue | Villager (Male) |
| 24:44 | Queue | Teutonic Knight ×2 |
| 24:55 | Queue | Villager (Male) |
| 24:58 | Build | Farm |
| 24:59 | Build | Farm |
| 25:05 | Build | Mill |
| 25:12 | Build | Farm |
| 25:12 | Build | Farm |
| 25:13 | Build | Farm |
| 25:13 | Build | Farm |
| 25:14 | Build | Farm |
| 25:17 | Queue | Villager (Male) |
| 25:19 | Build | Farm |
| 25:23 | Queue | Teutonic Knight |
| 25:39 | Queue | Teutonic Knight |
| 25:39 | Queue | Teutonic Knight |
| 25:45 | Build | Farm |
| 25:46 | Build | Farm |
| 25:49 | Build | Farm |
| 25:52 | Build | Farm |
| 26:01 | Build | Farm |
| 26:02 | Queue | Villager (Male) |
| 26:06 | Queue | Teutonic Knight |
| 26:06 | Queue | Teutonic Knight |
| 26:17 | Build | Monastery |
| 26:20 | Queue | Villager (Male) |
| 26:25 | Queue | Teutonic Knight |
| 26:25 | Queue | Teutonic Knight |
| 26:40 | Queue | Villager (Male) |
| 26:44 | Queue | Teutonic Knight ×3 |
| 26:51 | Queue | Monk |
| 26:56 | Queue | Villager (Male) |
| 27:01 | Queue | Teutonic Knight ×2 |
Match timeline
| 3:13 | Wuyen · wall_segment Palisade Wall x1 |
| 3:18 | Wuyen · wall_segment Palisade Wall x1 |
| 3:23 | Wuyen · wall_segment Palisade Wall x1 |
| 3:25 | Wuyen · wall_segment Palisade Wall x1 |
| 3:32 | Wuyen · wall_segment Palisade Wall x1 |
| 3:33 | Wuyen · wall_segment Palisade Wall x1 |
| 3:37 | Wuyen · wall_segment Palisade Wall x1 |
| 3:38 | Wuyen · wall_segment Palisade Wall x1 |
| 5:05 | Wuyen · wall_segment Palisade Wall x1 |
| 8:36 | JoJo_Baum · age_up feudal |
| 10:56 | Wuyen · age_up feudal |
| 11:40 | Wuyen · wall_segment Palisade Wall x4 |
| 12:02 | Wuyen · wall_segment Palisade Wall x1 |
| 12:25 | Wuyen · wall_segment Palisade Wall x1 |
| 15:13 | Wuyen · age_up castle |
| 15:20 | Wuyen · first_building Siege Workshop |
| 15:27 | Wuyen · first_building Monastery |
| 18:02 | JoJo_Baum · first_market_sell 100 stone |
| 20:12 | JoJo_Baum · first_building Barracks |
| 21:09 | JoJo_Baum · first_building Stable |
| 21:25 | Wuyen · wall_segment Stone Wall x1 |
| 22:05 | JoJo_Baum · age_up castle |
| 22:21 | JoJo_Baum · first_building Castle |
| 26:17 | JoJo_Baum · first_building Monastery |
| 26:43 | JoJo_Baum · first_market_buy 100 food |
| 27:50 | Wuyen · first_building Barracks |
| 28:46 | Wuyen · first_building Castle |
| 29:45 | Wuyen · first_building Archery Range |
| 30:25 | Wuyen · age_up imperial |
| 30:39 | JoJo_Baum · first_building Siege Workshop |
| 33:05 | JoJo_Baum · age_up imperial |
| 33:40 | Wuyen · wall_segment Stone Wall x3 |
| 35:10 | Wuyen · wall_segment Stone Wall x1 |
| 38:36 | JoJo_Baum · resign |
[ AI ANALYSIS · 1 CREDIT ]
What really happened in this match?
Wolo.gg analyzes every decision: build order, eco, micro, common mistakes by bracket. Personalized analysis on WhatsApp or Discord in 30 seconds.
Civ guide
Persians
Perfil
Jugador #788166